cohdb
Replays
Latest Replays
All Replays
Popular Replays
Top Player Replays
Match Explorer
How It Works
Community
CoH3 Stats
Reddit
Sign in to upload your games and track your stats! →
Sign in with Steam
Match 43681754
Unlisted
Match 43681754
Overview
Messages
Build Orders
End
Construct Barracks
Riflemen Squad
Riflemen Squad
Riflemen Squad
Engineer Squad
Infantry Support Center
Grenade Package
Engineer Squad
Construct Motor Pool
M8 Greyhound Armored Car
M24 Chaffee Light Tank
Riflemen Squad
M1 Anti-tank Gun Team
M1918 Browning Automatic Rifles
Demolitions Package
Advanced Logistics
Riflemen Squad
Selects Armored Battlegroup
Selects Strength in Steel
Selects Veteran Crews
Selects M8 Scott SPG
Selects M4A3E8 Sherman Combat Group
M4A3E8 Sherman Combat Group
Selects Field Repairs
Field Repairs
E-zy
Bruistablet
Professor gibberish
Tr3adstone
♂ Dodger ♂ #апермс
Base rush noobs #
0
0
Comments
sign in to comment!
No comments posted yet!